 Dungeon Crawl Stone Soup version 0.19-b1-5-gdc9fa9d (webtiles) character file.

466 Crag the Conjurer (level 6, -6/41 HPs)
             Began as a Demonspawn Fire Elementalist on Oct 31, 2016.
             Killed by divine providence
             ... invoked by an orc priest
              (13 damage)
             ... on level 5 of the Dungeon.
             The game lasted 00:18:20 (4846 turns).

Crag the Conjurer (Demonspawn Fire Elementalist)    Turns: 4846, Time: 00:18:21

Health: -6/41      AC:  7    Str:  9    XL:     6   Next: 81%
Magic:  9/10       EV: 12    Int: 18    God:    Xom [.....*]
Gold:   225        SH:  4    Dex: 13    Spells: 3 memorised, 3 levels left

rFire  + . .     SeeInvis .     B - +1 spear (chaos)
rCold  x . .     Gourm    .     n - +0 robe
rNeg   . . .     Faith    .     (no shield)
rPois  .         Spirit   .     (helmet restricted)
rElec  .         Reflect  .     (no cloak)
rCorr  .         Harm     .     v - +1 pair of gloves
MR     .....                    w - +2 pair of boots {Fly}
Stlth  +++.......               (no amulet)
                                s - ring of flight
                                o - ring of fire

@: flying
A: horns 1, large bone plates 1, nightstalker 1
a: Renounce Religion, Stop Flying


You were on level 5 of the Dungeon.
You worshipped Xom.
You were Xom's teddy bear.
You were hungry.

You visited 1 branch of the dungeon, and saw 5 of its levels.

You collected 225 gold pieces.

Inventory:

Hand Weapons
 e - a +0 blowgun
 g - a +0 club
 j - a +0 dagger
 t - a +1 spear
 u - a +0 mace of protection
 B - a +1 spear of chaos (weapon)
Missiles
 i - 12 poisoned needles
 A - 7 poisoned tomahawks (quivered)
Armour
 a - a +0 robe
 m - a +0 pair of gloves
 n - a +0 robe (worn)
 v - a +1 pair of gloves (worn)
 w - a +2 pair of boots of flying (worn)
Jewellery
 k - an uncursed ring of ice {unknown}
 o - a ring of fire (left hand)
 s - a ring of flight (right hand)
Wands
 y - a wand of acid (4/15)
Scrolls
 d - a scroll of recharging
 l - 4 scrolls of remove curse
 p - 3 scrolls of teleportation
 q - 3 scrolls of amnesia
Potions
 r - 2 potions of curing
Books
 b - a book of Flames

   Spells                             Type                      Level
   a - Flame Tongue                   Conjuration/Fire             1
   b - Throw Flame                    Conjuration/Fire             2
   c - Conjure Flame                  Conjuration/Fire             3
   d - Inner Flame                    Hexes/Fire                   3
   e - Sticky Flame                   Conjuration/Fire             4
   f - Fireball                       Conjuration/Fire             5
Comestibles
 c - 6 bread rations
 f - 3 beef jerkies
 h - a royal jelly
 z - a meat ration


   Skills:
 - Level 1.7 Dodging
 - Level 1.7 Stealth
 - Level 3.0 Spellcasting
 + Level 6.5 Conjurations
 - Level 3.0 Fire Magic


You had 3 spell levels left.
You knew the following spells:

 Your Spells              Type           Power        Failure   Level  Hunger
a - Flame Tongue          Conj/Fire      ####.        1%          1    None
b - Conjure Flame         Conj/Fire      ####....     10%         3    ###....
c - Sticky Flame          Conj/Fire      ####....     24%         4    ####...


Dungeon Overview and Level Annotations

Branches:
Dungeon (5/15)
 Temple: D:4-7

Altars:
Okawaru
Xom


Innate Abilities, Weirdness & Mutations

You have a pair of small horns on your head.
You are partially covered in large bone plates. (SH +4)
You are slightly more attuned to the shadows.


Message History

Confirm with . or Enter, or press ? or * to list all spells.
Aiming: Flame Tongue
Press: ? - help, Shift-Dir - straight line, f/p - orc priest
Aim: an orc priest, wielding a hand axe (severely wounded)
You feel a surge of power!
The flame tongue misses the orc priest.
The orc shouts!
The orc priest shouts!
The orc shouts!
The orc priest mumbles some strange prayers to Beogh against you.
Beogh smites you!
The orc priest calls down the wrath of Beogh upon you.
Beogh smites you!
The orc priest looks satisfied for a moment.
The crimson imp blinks!
The crimson imp blinks!
The orc priest mumbles some strange prayers to Beogh against you.
Beogh smites you!
* * * LOW HITPOINT WARNING * * *
The orc priest mumbles some strange prayers to Beogh against you.
Beogh smites you!
You die...
Xom cackles wildly!

#.# #.#...####. #.#
#.#..#.... #.#
#.#....... #.#
#.#....# .#
######.#....# .#
#...........###.# #.
#.##.#.##.......###...
#
#.##.#.###..##........
.
#.##.#...@......5.....
#
#.##.#####....o.......
########.##.#
#.##o........
.........##.#
#.##.o.......
##########
#............
####.........
#......... ...........
............


You could see 2 orc priests and an orc.

Vanquished Creatures
  The ghost of Zeloya the Chiller, an amateur KoIE of Hepliaklqana (D:3)
  A centaur (D:5)
  A scorpion (D:4)
  A hound (D:4)
  2 iguanas (D:4)
  2 worker ants (D:4)
  3 adders
  An ooze (D:3)
  3 worms
  2 dart slugs
  2 leopard geckos
  2 goblins (D:2)
  6 hobgoblins
  13 jackals
  11 kobolds
  12 bats
  5 frilled lizards
  9 rats
77 creatures vanquished.

Notes
Turn   | Place    | Note
-------+----------+-------------------------------------------
     0 | D:1      | Crag the Demonspawn Fire Elementalist began the quest for the Orb.
     0 | D:1      | Reached XP level 1. HP: 13/13 MP: 3/3
   344 | D:1      | Gained mutation: You are partially covered in large bone plates. (SH +4) [demonic ancestry]
   344 | D:1      | Reached XP level 2. HP: 19/19 MP: 0/5
   802 | D:1      | Reached skill level 2 in Conjurations
  1396 | D:2      | Gained mutation: You have a pair of small horns on your head. [demonic ancestry]
  1396 | D:2      | Reached XP level 3. HP: 24/24 MP: 4/6
  1405 | D:2      | Learned a level 3 spell: Conjure Flame
  2539 | D:3      | Reached XP level 4. HP: 30/30 MP: 5/8
  2719 | D:3      | Learned a level 4 spell: Sticky Flame
  2943 | D:3      | Found a faded altar of an unknown god.
  3027 | D:3      | Became a worshipper of Xom of Chaos
  3028 | D:3      | Noticed Zeloya's ghost (amateur KoIE)
  3031 | D:3      | XOM: potion effect (berserk rage)
  3037 | D:3      | XOM: confuse monster(s)
  3041 | D:3      | Killed Zeloya's ghost
  3041 | D:3      | Reached skill level 4 in Conjurations
  3041 | D:3      | Reached XP level 5. HP: 35/35 MP: 9/9
  3522 | D:4      | XOM: butterfly on damage
  3523 | D:4      | XOM: mild Hex miscast
  3535 | D:4      | Reached skill level 5 in Conjurations
  3541 | D:4      | XOM: divination: detect creatures
  3542 | D:4      | XOM: potion effect (agility)
  3546 | D:4      | Gained mutation: You are slightly more attuned to the shadows. [demonic ancestry]
  3546 | D:4      | Reached XP level 6. HP: 12/41 MP: 5/10
  3834 | D:4      | XOM: divination: detect items
  3836 | D:4      | XOM: noise
  4050 | D:4      | Reached skill level 6 in Conjurations
  4137 | D:4      | XOM: god gift: glowing spear {god gift}
  4244 | D:4      | XOM: harmless Necr miscast
  4363 | D:4      | XOM: mild Hex miscast
  4421 | D:4      | XOM: god gift: 7 poisoned tomahawks
  4561 | D:4      | XOM: 1-stop teleportation journey
  4569 | D:5      | Entered Level 5 of the Dungeon
  4757 | D:5      | Found an iron altar of Okawaru.
  4846 | D:5      | Killed from afar by an orc priest

Skill      XL: |  1  2  3  4  5  6 |
---------------+-------------------+-----
Fire Magic     | 3 |  3.0
Conjurations   | 2 4 5 6 |  6.5
Spellcasting   | 3 |  3.0
Dodging        | |  1.7
Stealth        | |  1.7

Action                   |  1- 3 |  4- 6 || total
-------------------------+-------+-------++-------
Melee: Unarmed           |     9 |       ||     9
       Club              |     3 |       ||     3
       Dagger            |    17 |       ||    17
       Spear             |    14 |    53 ||    67
       Headbutt          |       |     3 ||     3
 Cast: Flame Tongue      |    80 |    49 ||   129
       Conjure Flame     |     3 |       ||     3
Evoke: Wand              |       |     1 ||     1
  Use: Scroll            |     9 |       ||     9
       Potion            |     3 |     3 ||     6
 Stab: Sleeping          |       |     2 ||     2
  Eat: Chunk             |     6 |     7 ||    13
Armor: Robe              |    13 |    15 ||    28
       Skin              |       |    10 ||    10
Dodge: Dodged            |    25 |    29 ||    54
Block: Other             |     4 |    10 ||    14
